 Dungeon Crawl Stone Soup version 0.29-a0-561-ga02bf68b3c (webtiles) character file.

Game seed: 13795307937191661429

44 Mls the Slasher (level 3, -5/35 HPs)
             Began as a Gnoll Cinder Acolyte on June 11, 2022.
             Was a High Priest of Ignis.
             Killed by nerve-wracking pain
             ... invoked by an orc priest
              (8 damage)
             ... on level 2 of the Dungeon.
             The game lasted 00:08:54 (2945 turns).

Mls the Slasher (Gnoll Cinder Acolyte)              Turns: 2945, Time: 00:08:55

Health: -5/35      AC:  6    Str: 13    XL:     3   Next: 60%
Magic:  1/7        EV: 10    Int: 13    God:    Ignis [*****.]
Gold:   128        SH:  0    Dex:  9    Spells: 4/7 levels left

rFire   + . .      SeeInvis .   a - -1 falchion (flame)
rCold   + . .      Faith    .   (no shield)
rNeg    . . .      Spirit   .   k - +0 ring mail
rPois   +          Reflect  .   (no helmet)
rElec   .          Harm     .   (no cloak)
rCorr   .          Rampage  .   l - +0 pair of gloves
Will    .....                   (no boots)
Stlth   +.........              j - amulet of the acrobat
HPRegen 0.11/turn               b - ring of protection from cold
MPRegen 0.10/turn               q - ring of poison resistance

@: very slightly contaminated
A: fangs 1, strong nose, distributed training
a: Renounce Religion, Fiery Armour, Foxfire Swarm, Rising Flame


You were on level 2 of the Dungeon.
You worshipped Ignis.
Ignis was extremely pleased with you.
You visited 1 branch of the dungeon, and saw 3 of its levels.

You collected 128 gold pieces.

Inventory:

Hand Weapons
 a - a -1 falchion of flaming (weapon)
 h - a +0 mace
 p - a +0 quarterstaff
Missiles
 c - a throwing net (quivered)
 m - 6 poisoned darts
 s - 2 atropa-tipped darts
Armour
 k - a +0 ring mail (worn)
 l - a +0 pair of gloves (worn)
Jewellery
 b - a ring of protection from cold (left hand)
 j - an amulet of the acrobat (around neck)
 q - a ring of poison resistance (right hand)
Scrolls
 d - 2 scrolls of summoning {unknown}
 e - 2 scrolls of identify {unknown}
 f - a scroll of enchant armour {unknown}
 i - 2 scrolls of teleportation {unknown}
Potions
 g - 2 potions of curing {unknown}
 n - 2 potions of haste {unknown}
 o - a potion of berserk rage {unknown}
 r - a potion of magic {unknown}


   Skills:
 + Level 6.5 Fighting
 + Level 0.9 Short Blades
 + Level 6.5 Long Blades
 + Level 0.9 Axes
 + Level 0.9 Maces & Flails
 + Level 0.9 Polearms
 + Level 0.9 Staves
 + Level 0.9 Slings
 + Level 0.9 Bows
 + Level 0.9 Crossbows
 + Level 0.9 Throwing
 + Level 0.9 Armour
 + Level 0.9 Dodging
 + Level 0.9 Stealth
 + Level 0.9 Shields
 + Level 0.9 Unarmed Combat
 + Level 2.8 Spellcasting
 + Level 0.6 Conjurations
 + Level 0.6 Hexes
 + Level 0.6 Summonings
 + Level 0.6 Necromancy
 + Level 0.6 Translocations
 + Level 0.6 Transmutations
 + Level 5.4 Fire Magic
 + Level 0.6 Ice Magic
 + Level 0.6 Air Magic
 + Level 0.6 Earth Magic
 + Level 0.6 Poison Magic
 + Level 1.0 Invocations
 + Level 0.9 Evocations


You had 4 spell levels left.
You knew the following spells:

 Your Spells              Type           Power      Damage    Failure   Level
a - Magic Dart            Conj           12%        1d3       36%         1
b - Scorch                Fire           32%        2d7       9%          2

Your spell library contained the following spells:

 Spells                   Type           Power      Damage    Failure   Level
 Call Imp                 Summ           3%         N/A       50%         2
 Mephitic Cloud           Conj/Pois/Air  3%         N/A       75%         3


Dungeon Overview and Level Annotations

Branches:
Dungeon (3/15)

Altars:


Innate Abilities, Weirdness & Mutations

You have very sharp teeth.
Your uncanny sense of smell can sniff out nearby items.
Your experience applies equally to all skills.


Message History

You miscast Magic Dart.
Nothing appears to happen.
The orc hits you but does no damage. The orc priest closely misses you.
Unknown command.
Casting: Magic Dart (safe; 36% risk of failure)
Confirm with . or Enter, or press ? or * to list all spells.
Aiming: Magic Dart (safe; 36% risk of failure)
Press: ? - help, Shift-Dir - straight line, f/p - orc priest
Aim: an orc priest, wielding a +0 flail and wearing a +0 leather armour (100% to hit)
The magic dart hits the orc priest but does no damage.
The orc hits you but does no damage.
The orc priest mumbles some strange prayers to Beogh against you.
Beogh smites you!
Casting: Magic Dart (safe; 36% risk of failure)
Confirm with . or Enter, or press ? or * to list all spells.
Aiming: Magic Dart (safe; 36% risk of failure)
Press: ? - help, Shift-Dir - straight line, f/p - orc priest
Aim: an orc priest, wielding a +0 flail and wearing a +0 leather armour (100% to hit)
The magic dart hits the orc priest.
The orc priest is lightly wounded.
The orc hits you with a +2 vampiric dagger.
The orc priest mumbles some strange prayers to Beogh against you.
Pain shoots through your body!
* * * LOW HITPOINT WARNING * * *
Throw: 3 darts (atropa)
Press: ? - help, Shift-Dir - straight line, f/p - orc priest
Aim: an orc priest, wielding a +0 flail and wearing a +0 leather armour (lightly wounded, 57% to hit, chance to blind on hit: 75%)
You throw an atropa-tipped dart.
The atropa-tipped dart barely misses the orc priest.
The orc closely misses you.
The orc priest hits you but does no damage.
You hit the orc but do no damage.
The orc hits you with a +2 vampiric dagger.
* * * LOW HITPOINT WARNING * * *
The orc priest hits you but does no damage.
You hit the orc but do no damage.
The orc hits you with a +2 vampiric dagger.
* * * LOW HITPOINT WARNING * * *
The orc priest calls down the wrath of Beogh upon you.
Pain shoots through your body!
You die...

#.........# #
#.#######.# # #.#
#.# # #.#
#####.#### #
#.###........# ##
#.........##.####.
#..##.###.##......
#.o##.###.#######.
#@........# ##
##o##.###.# #
#.##.# #.# #
#[##.# #.# ##
#.##.###.# ##.
#........# ##..
####.##รท## ##...
#.#...####....
#........'....


You could see an orc priest and an orc.

Vanquished Creatures
  2 dart slugs
  3 endoplasms
  3 giant cockroaches
  7 goblins
  2 hobgoblins (D:2)
  3 jackals (D:2)
  3 quokkas
  2 ball pythons (D:2)
  7 bats
  3 rats
35 creatures vanquished.

Notes
Turn   | Place    | Note
-------+----------+-------------------------------------------
     0 | D:1      | Mls the Gnoll Cinder Acolyte began the quest for the Orb.
     0 | D:1      | Reached XP level 1. HP: 23/23 MP: 4/4
   208 | D:1      | Learned a level 1 spell: Magic Dart
   247 | D:1      | Reached XP level 2. HP: 28/29 MP: 5/5
   250 | D:1      | Learned a level 2 spell: Scorch
  1249 | D:2      | Found a faded altar of an unknown god.
  1258 | D:2      | Reached XP level 3. HP: 34/35 MP: 0/7
  1959 | D:2      | Reached skill level 1 in Invocations
  2945 | D:2      | Killed from afar by an orc priest

Illustrated notes

Levels and vault maps discovered:
D:1:      scummos_arrival_star, layout_basic
D:2:      layout_loops_corners, ebering_ecumenical_altar_sacrificial,
          minmay_tripent
D:3:      layout_basic, serial_shops, nicolae_shop_window_shopping,
          chequers_serial_rivers_small_3

Skill      XL: |  1  2  3 |
---------------+----------+-----
Invocations    | 1 |  1.0
Fighting       | |  6.5
Short Blades   | |  0.9
Long Blades    | |  6.5
Axes           | |  0.9
Maces & Flails | |  0.9
Polearms       | |  0.9
Staves         | |  0.9
Slings         | |  0.9
Bows           | |  0.9
Crossbows      | |  0.9
Throwing       | |  0.9
Armour         | |  0.9
Dodging        | |  0.9
Stealth        | |  0.9
Shields        | |  0.9
Unarmed Combat | |  0.9
Spellcasting   | |  2.8
Conjurations   | |  0.6
Hexes          | |  0.6
Summonings     | |  0.6
Necromancy     | |  0.6
Translocations | |  0.6
Transmutations | |  0.6
Fire Magic     | |  5.4
Ice Magic      | |  0.6
Air Magic      | |  0.6
Earth Magic    | |  0.6
Poison Magic   | |  0.6
Evocations     | |  0.9

Action                   || total
-------------------------++-------
Melee: Falchion          ||    90
       Bite              ||    10
       Punch             ||     2
Throw: Dart              ||     1
 Cast: Magic Dart        ||    36
Armor: Robe              ||    11
       Ring mail         ||    46
Dodge: Dodged            ||    80

Table legend: (Time is in decaauts)
 A = Elapsed time spent in this place.
 B = Non-inter-level travel time spent in this place.
 C = Inter-level travel time spent in this place.
 D = Time resting spent in this place.
 E = Time spent auto-exploring this place.
 F = Levels seen in this place.
 G = Mean time per level.
                   A        B        C        D        E       F      G
               +--------+--------+--------+--------+--------+-----+--------+
         Total |   2943 |   2877 |     66 |   1243 |   1189 |   3 |  981.0 |
       Dungeon |   2943 |   2877 |     66 |   1243 |   1189 |   3 |  981.0 |
               +--------+--------+--------+--------+--------+-----+--------+

Top non-repeatable levels by time:
     D:2: 2177 daAuts
     D:1: 741 daAuts
     D:3: 24 daAuts
